 Dungeon Crawl Stone Soup version 0.17.1-2-g5865329 (webtiles) character file.

30606 Peloso the Blocker (level 13, -4/118 HPs)
             Began as a Minotaur Fighter on Jan 24, 2016.
             Was a High Priest of Okawaru.
             Slain by Snorg (21 damage)
             ... on level 3 of the Lair of Beasts.
             The game lasted 00:56:41 (14907 turns).

Peloso the Blocker (Minotaur Fighter)              Turns: 14907, Time: 00:56:41

Health: -4/118     AC: 29    Str: 23    XL:     13   Next: 21%
Magic:  12/12      EV:  6    Int:  2    God:    Okawaru [*****.]
Gold:   204        SH: 16    Dex: 13    Spells: 0 memorised, 12 levels left

rFire  + . .     SeeInvis +     M - +1 long sword "Jetuas" {freeze, rF+ rN+++ Int-3 Stlth-}
rCold  + . .     Clarity  .     m - +0 crystal plate armour "Buroclem" {rCorr Slay+2}
rNeg   + + +     SustAt   .     K - +2 shield {rC+}
rPois  .         Gourm    .     s - +0 hat {SInv}
rElec  .         Spirit   .     (no cloak)
rCorr  +         Warding  .     q - +1 pair of gloves
rMut   .         Stasis   .     (no boots)
MR     .....                    (no amulet)
Stlth  ..........               p - ring "Pihuerus" {Slay+5 SInv}
                                y - +4 ring of protection

@: slowed, very slow, not resistant to hostile enchantments, extremely
unstealthy
A: retaliatory headbutt, horns 2, molten scales 1
a: Heroism, Finesse, Renounce Religion


You were on level 3 of the Lair of Beasts.
You worshipped Okawaru.
Okawaru was extremely pleased with you.
You were hungry.

You visited 3 branches of the dungeon, and saw 16 of its levels.

You collected 848 gold pieces.
You spent 644 gold pieces at shops.

Inventory:

Hand Weapons
 a - a +1 long sword
 z - a +0 hand axe of flaming
 I - a +1 scimitar of flaming
 M - the +1 long sword "Jetuas" (weapon) {freeze, rF+ rN+++ Int-3 Stlth-}
   (You found it on level 9 of the Dungeon)

   It has been specially enchanted to freeze those struck by it, causing extra
   injury to most foes and up to half again as much damage against particularly
   susceptible opponents.
   It can also slow down cold-blooded creatures.
   It affects your intelligence (-3).
   It protects you from fire.
   It renders you almost immune to negative energy.
   It makes you less stealthy.
Armour
 c - a +0 shield
 m - the +0 crystal plate armour "Buroclem" (worn) {rCorr Slay+2}
   (You found it on level 10 of the Dungeon)

   It affects your accuracy and damage with ranged weapons and melee attacks
   (+2).
   It protects you from acid and corrosion.
 q - a +1 pair of gloves (worn)
 s - a +0 hat of see invisible (worn)
 K - a +2 shield of cold resistance (worn)
Jewellery
 g - a +5 ring of dexterity
 p - the ring "Pihuerus" (right hand) {Slay+5 SInv}
   (You found it on level 8 of the Dungeon)

   [ring of see invisible]

   It affects your accuracy and damage with ranged weapons and melee attacks
   (+5).
   It lets you see invisible.
 y - a +4 ring of protection (left hand)
 E - an uncursed ring of protection from fire {unknown}
 G - an uncursed ring of flight
Wands
 F - a wand of fireball (13)
 H - a wand of lightning (6)
 J - a wand of fireball (6)
Scrolls
 h - 7 scrolls of teleportation
 l - 3 scrolls of magic mapping
 u - a scroll of enchant weapon
 v - 3 scrolls of identify
 B - 2 scrolls of remove curse
 O - 4 scrolls of recharging
Potions
 d - 2 potions of might
 f - 2 potions of haste
 j - a potion of cure mutation
 o - a potion of heal wounds
 r - 2 potions of curing
 t - a potion of poison {unknown}
 x - 2 potions of brilliance
 C - 2 potions of agility
 D - 2 potions of resistance
Books
 b - a book of Spatial Translocations

   Spells                             Type                      Level
   a - Apportation                    Translocation                1
   b - Blink                          Translocation                2
   c - Shroud of Golubria             Charms/Translocation         2
   d - Portal Projectile              Translocation                3
   e - Teleport Other                 Translocation                3
   f - Passage of Golubria            Translocation                4
Comestibles
 e - 8 bread rations
 i - 9 meat rations
 k - 8 slices of pizza
 w - a beef jerky
 A - 17 fruits


   Skills:
 + Level 12.2 Fighting
 + Level 13.9 Long Blades
 + Level 13.0 Armour
 + Level 3.7 Dodging
 + Level 1.1 Stealth
 + Level 14.3 Shields
 + Level 0.8 Invocations


You had 12 spell levels left.
You didn't know any spells.

Dungeon Overview and Level Annotations

Branches:
Dungeon (12/15)            Temple (1/1) D:6            Lair (3/8) D:11
    Orc (0/4) D:10
  Swamp: Lair:3-6    Shoals: Lair:3-6     Snake: Lair:3-6    Spider: Lair:3-6

Altars:
Ashenzari
Cheibriados
Dithmenos
Elyvilon
Fedhas
Gozag
Kikubaaqudgha
Makhleb
Nemelex Xobeh
Okawaru
Qazlal
Ru
Sif Muna
Trog
Vehumet
Xom
Yredelemnul
Zin
The Shining One
Beogh

Shops:
D:5 :   D:6 *[   D:7 :(

Portals:
Trove: D:12 (show slimy rune of Zot)

Annotations:
Lair:3 Snorg


Innate Abilities, Weirdness & Mutations

You reflexively headbutt those who attack you in melee.
You have a pair of horns on your head.
You are partially covered in molten scales (AC +1).


Message History

Snorg claws you but does no damage. x2
Snorg bites you but does no damage. Snorg claws you. Snorg claws you!
* * * LOW HITPOINT WARNING * * *
You hit Snorg. You freeze Snorg.
Snorg is severely wounded.
Snorg bites you!
* * * LOW HITPOINT WARNING * * *
You block Snorg's attack. Snorg claws you but does no damage.
Unknown command.
You slice Snorg!! You freeze Snorg. You headbutt Snorg!
Snorg is almost dead.
You block Snorg's attack. x2
Snorg claws you but does no damage. You block Snorg's attack.
Snorg claws you but does no damage. Snorg claws you.
* * * LOW HITPOINT WARNING * * *
Unknown command.
You slash Snorg! You freeze Snorg.
Snorg is almost dead.
Snorg bites you!!
You die...

...................
........................
........................
..$.....................
.........#..#...#..###P.
#.......#...#.#...###.P
#......##.(........#...
##.....T.(.....#........
......)@(......#...##...
##.......##.#P..#...?#..
#P..........##..P.....#.
##......................
........................
##P.....###P##P########.
######## ###### ##


You could see Snorg (berserk).

Vanquished Creatures
  Gastronok (Lair:1)
  A hydra (D:8)
  Erica (Lair:2)
  Urug (D:11)
  Sonja (Lair:3)
  3 unseen horrors
  An ugly thing (D:11)
  An orc knight (D:10)
  3 hill giants
  A manticore (D:11)
  15 elephants (Lair:2)
  2 black mambas (Lair:2)
  4 centaur skeletons
  A spiny frog (Lair:2)
  4 komodo dragons
  A troll (D:11)
  2 two-headed ogres
  A vampire (D:12)
  A hungry ghost (D:9)
  2 deep elf magi
  Eustachio (D:6)
  A basilisk (Lair:3)
  2 shadows (D:11)
  3 hippogriffs
  A steam dragon (D:12)
  32 yaks
  4 wolves (Lair:2)
  2 ice beasts (D:11)
  A mottled dragon (D:11)
  A porcupine (Lair:1)
  3 water moccasins (Lair:1)
  A black bear (D:9)
  4 sky beasts
  An ogre (D:5)
  4 orc warriors (D:10)
  An eye of draining (D:10)
  3 phantoms
  7 centaurs
  2 crocodiles (Lair:1)
  A brain worm (D:12)
  5 big kobolds
  14 giant frogs
  6 scorpions
  9 wights
  8 crimson imps
  2 centaur zombies
  3 electric eels (D:11)
  14 hounds
  A quasit (D:8)
  8 orc wizards
  2 jellies
  10 orc priests
  8 iguanas
  6 worker ants
  7 sheep
  2 hound skeletons
  3 worker ant zombies
  16 adders
  4 gnolls (D:9)
  28 river rats
  A shadow imp (D:12)
  An ooze (D:3)
  An adder skeleton (D:9)
  An adder zombie (D:8)
  7 giant geckos
  65 orcs
  4 ball pythons
  9 goblins
  13 hobgoblins
  4 jackals (D:11)
  17 kobolds
  3 quokkas
  A ball python skeleton (D:4)
  10 bats
  10 giant cockroaches
  5 giant newts
  A quokka skeleton (D:9)
  6 rats
  2 plants (Lair:2)
439 creatures vanquished.

Vanquished Creatures (others)
  A jackal (D:11)
  4 kobolds (D:11)
  22 fungi (Lair:2)
  7 plants (Lair:2)
34 creatures vanquished.

Grand Total: 473 creatures vanquished

Notes
Turn   | Place    | Note
--------------------------------------------------------------
     0 | D:1      | Peloso the Minotaur Fighter began the quest for the Orb.
     0 | D:1      | Reached XP level 1. HP: 19/19 MP: 0/0
    95 | D:1      | Reached skill level 4 in Armour
   101 | D:1      | Reached XP level 2. HP: 24/27 MP: 1/1
   494 | D:1      | Reached XP level 3. HP: 28/33 MP: 2/2
  1207 | D:2      | Found a sacrificial altar of Ru.
  1837 | D:3      | Reached XP level 4. HP: 40/40 MP: 3/3
  1875 | D:3      | Reached skill level 1 in Dodging
  2277 | D:3      | Reached XP level 5. HP: 36/47 MP: 4/4
  2649 | D:3      | Reached skill level 5 in Armour
  2654 | D:3      | Reached skill level 5 in Shields
  2953 | D:3      | Found a glowing golden altar of the Shining One.
  3110 | D:4      | Noticed a centaur
  3122 | D:4      | Killed a centaur
  3122 | D:4      | Reached skill level 5 in Fighting
  3122 | D:4      | Reached XP level 6. HP: 26/56 MP: 5/5
  3675 | D:4      | Reached XP level 7. HP: 14/61 MP: 6/6
  3999 | D:4      | Reached skill level 6 in Armour
  4396 | D:5      | Entered Level 5 of the Dungeon
  4422 | D:5      | Found Faylu's Book Emporium.
  4494 | D:5      | Found a deep blue altar of Sif Muna.
  4494 | D:5      | Found a burning altar of Makhleb.
  4501 | D:5      | Found an ancient bone altar of Kikubaaqudgha.
  5015 | D:6      | Found a staircase to the Ecumenical Temple.
  5166 | D:6      | Reached skill level 5 in Long Blades
  5283 | D:6      | Reached XP level 8. HP: 57/70 MP: 7/7
  5406 | D:6      | Noticed Eustachio
  5448 | D:6      | Killed Eustachio
  5474 | D:6      | Reached skill level 7 in Shields
  5621 | D:6      | Found Daamytw Nues's Assorted Antiques.
  5718 | D:6      | Found Mynemnua's Antique Armour Boutique.
  5847 | Temple   | Entered the Ecumenical Temple
  5990 | Temple   | Became a worshipper of Warmaster Okawaru
  6103 | D:6      | Reached skill level 8 in Shields
  6337 | D:7      | Found Riokueta's Antique Weapon Boutique.
  6345 | D:7      | Bought a runed falchion for 84 gold pieces
  6403 | D:7      | Found Vinluin's Book Shoppe.
  6675 | D:7      | Found Firaes's General Store.
  6803 | D:8      | Got a clouded wooden ring
  6805 | D:8      | Identified the ring "Pihuerus" {Slay+5 SInv} (You found it on level 8 of the Dungeon)
  6838 | D:8      | Noticed a two-headed ogre
  6840 | D:8      | Killed a two-headed ogre
  6840 | D:8      | Reached XP level 9. HP: 73/79 MP: 8/8
  6858 | D:8      | Found a sparkling altar of Nemelex Xobeh.
  6982 | D:8      | Reached * piety under Okawaru
  6982 | D:8      | Reached skill level 9 in Shields
  7051 | D:8      | Noticed a three-headed hydra
  7059 | D:8      | Killed a one-headed hydra
  7070 | D:8      | Reached ** piety under Okawaru
  7420 | D:8      | Reached XP level 10. HP: 84/88 MP: 9/9
  7685 | D:9      | Got a pitted long sword
  7692 | D:9      | Identified the +1 long sword "Jetuas" {freeze, rF+ rN+++ Int-3 Stlth-} (You found it on level 9 of the Dungeon)
  7709 | D:9      | Reached skill level 10 in Shields
  7813 | D:9      | Reached skill level 1 in Stealth
  8323 | D:10     | Entered Level 10 of the Dungeon
  8323 | D:10     | Noticed a hill giant
  8323 | D:10     | Noticed a hill giant
  8333 | D:9      | Killed a hill giant
  8333 | D:9      | Reached *** piety under Okawaru
  8565 | D:9      | Reached skill level 10 in Armour
  8573 | D:9      | Killed a hill giant
  8859 | D:10     | Got a scorched crystal plate armour
  8870 | D:10     | Identified the cursed +0 crystal plate armour "Buroclem" {rCorr Slay+2} (You found it on level 10 of the Dungeon)
  8916 | D:10     | Noticed an orc knight
  8937 | D:10     | Killed an orc knight
  8940 | D:10     | Reached skill level 10 in Long Blades
  8975 | D:10     | Noticed a hill giant
  8984 | D:10     | Killed a hill giant
  8984 | D:10     | Reached **** piety under Okawaru
  9018 | D:10     | Found a roughly hewn altar of Beogh.
  9023 | D:10     | Found a staircase to the Orcish Mines.
  9131 | D:10     | Reached skill level 11 in Shields
  9131 | D:10     | Reached XP level 11. HP: 97/99 MP: 5/10
 10140 | D:11     | Noticed Urug
 10154 | D:11     | Killed Urug
 10167 | D:11     | Reached skill level 10 in Fighting
 10451 | D:11     | Reached ***** piety under Okawaru
 10750 | D:11     | Found a staircase to the Lair.
 10822 | D:11     | Noticed an unseen horror
 10842 | D:11     | Killed an unseen horror
 10916 | D:11     | Received a gift from Okawaru
 10938 | D:11     | Reached skill level 12 in Shields
 10942 | D:11     | HP: 5/101 [electric eel/bolt of electricity (9)]
 11464 | D:11     | Noticed an unseen horror
 11477 | D:11     | Killed an unseen horror
 11656 | D:12     | Found a portal to a secret trove of treasure.
 11662 | D:12     | Noticed an unseen horror
 11688 | D:12     | Killed an unseen horror
 12032 | D:12     | Gained mutation: You are partially covered in molten scales (AC +1). [potion of beneficial mutation]
 12076 | D:12     | Reached XP level 12. HP: 108/108 MP: 11/11
 12675 | D:6      | Bought a blackened plate armour for 560 gold pieces
 12693 | D:6      | Identified the +4 plate armour "Wuokhy" {rN+} (You bought it in a shop on level 6 of the Dungeon)
 12852 | Lair:1   | Entered Level 1 of the Lair of Beasts
 13067 | Lair:1   | Noticed Gastronok
 13090 | Lair:1   | Killed Gastronok
 13090 | Lair:1   | Reached skill level 13 in Shields
 13225 | Lair:1   | Received a gift from Okawaru
 13881 | Lair:2   | Noticed Erica
 13909 | Lair:2   | Killed Erica
 14022 | Lair:2   | Reached XP level 13. HP: 47/118 MP: 12/12
 14045 | Lair:2   | Received a gift from Okawaru
 14045 | Lair:2   | Reached skill level 14 in Shields
 14886 | Lair:3   | Noticed Sonja
 14888 | Lair:3   | Noticed Snorg
 14895 | Lair:3   | Killed Sonja
 14907 | Lair:3   | Slain by Snorg

Action                   |  1- 3 |  4- 6 |  7- 9 | 10-12 | 13-15 || total
-------------------------+-------+-------+-------+-------+-------++-------
Melee: Long sword        |   131 |   167 |   349 |   659 |    90 ||  1396
       Falchion          |       |       |    15 |       |       ||    15
       Hand axe          |       |       |    11 |       |       ||    11
Invok: Heroism           |       |       |       |     2 |       ||     2
  Use: Potion            |       |     1 |     2 |     2 |     3 ||     8
       Scroll            |       |       |    14 |    11 |       ||    25
  Eat: Chunk             |     3 |     5 |    12 |    20 |     2 ||    42
       Beef jerky        |       |     1 |       |       |       ||     1
       Fruit             |       |       |       |     1 |       ||     1
       Royal jelly       |       |       |       |     1 |       ||     1
